 Dungeon Crawl Stone Soup version 0.18.1-5-g4a78601 (webtiles) character file.

36 Implojin the Insei (level 3, 0/29 HPs)
             Began as a Mummy Monk on May 14, 2016.
             Slain by murtidash's ghost (1 damage)
             ... on level 3 of the Dungeon.
             The game lasted 00:02:56 (1607 turns).

Implojin the Insei (Mummy Monk)                     Turns: 1607, Time: 00:02:57

Health: 0/29       AC:  0    Str: 14    XL:     3   Next: 19%
Magic:  3/3        EV: 13    Int:  9    God:
Gold:   29         SH:  0    Dex: 15    Spells: 0 memorised, 2 levels left

rFire  x . .     SeeInvis .       - Unarmed
rCold  + . .     Gourm    .     (no armour)
rNeg   + + +     Faith    .     (no shield)
rPois  ∞         Spirit   .     (no helmet)
rElec  .         Dismiss  .     (no cloak)
rCorr  .         Reflect  .     (no gloves)
SustAt .         Harm     .     (no boots)
MR     .....                    (no amulet)
Stlth  ++........               (no ring)
                                (no ring)

@: not resistant to hostile enchantments, unstealthy
A: no food or potions, fire vulnerability, cold resistance 1, negative energy
resistance 3, torment resistance, unbreathing
a: no special abilities


You were on level 3 of the Dungeon.
You were not hungry.

You visited 1 branch of the dungeon, and saw 3 of its levels.

You collected 29 gold pieces.

Inventory:

Scrolls
 d - a scroll of blinking
 e - 2 scrolls of recharging {unknown}
 f - a scroll of teleportation {unknown}


   Skills:
 - Level 3.0 Fighting
 - Level 2.4 Dodging
 - Level 1.5 Stealth
 * Level 4.2 Unarmed Combat


You had 2 spell levels left.
You didn't know any spells.

Dungeon Overview and Level Annotations

Branches:
Dungeon (3/15)

Altars:

Annotations:
D:2 Sigmund
D:3 murtidash's ghost, amateur DECj


Innate Abilities, Weirdness & Mutations

You do not eat or drink.
Your flesh is vulnerable to fire.
You are immune to poison.
Your flesh is cold resistant.
You are immune to negative energy.
You are immune to unholy pain and torment.
You can survive without breathing.


Message History

You barely miss the goblin. The goblin misses you.
You closely miss the goblin. The goblin hits you.
* * * LOW HITPOINT WARNING * * *
You hit the goblin but do no damage. The goblin closely misses you.
You punch the goblin!
You kill the goblin!
You completely miss the giant cockroach.
The giant cockroach misses you. The giant cockroach barely misses you.
Found a potion of resistance.
Found an emerald potion.
The giant cockroach bites you.
* * * LOW HITPOINT WARNING * * *
You hit the giant cockroach.
The giant cockroach is heavily wounded.
The giant cockroach closely misses you.
You hit the giant cockroach.
You kill the giant cockroach!
Murtidash's ghost casts a spell at you. The magic dart hits you!
* * * LOW HITPOINT WARNING * * *
Found 10 gold pieces.
Murtidash's ghost gestures at you while chanting.
The magic dart hits you!
* * * LOW HITPOINT WARNING * * *
Read which item? (? for menu, Esc to quit)
As you read the scroll labeled XOURCH IMODU, it crumbles to dust.
You assume a fearsome visage.
Murtidash's ghost is unaffected.
It was a scroll of fear.
Read which item? (? for menu, Esc to quit)
As you read the scroll labeled RUMUTO JEXTAS, it crumbles to dust.
You hear a loud clanging noise!
It was a scroll of noise.
Read which item? (? for menu, Esc to quit)
As you read the scroll labeled FAENUI SOIGUUS, it crumbles to dust.
It is a scroll of identify.
Identify which item? (\ to view known items) (? for menu, Esc to quit)
d - a scroll of blinking Murtidash's ghost hits you.
You die...

... ..# ..# ..# #.#
#.# #.# #$# #.# #.#
#..# #.# #.# #..# #.#
#@# #####.!# #.# #W#
#......# #.# #g###.#
#..# #W#.# #....g#
#..# #<#.#
#####.###.# #.#.#
#!...g######## #.#.#
###.##........ #.#.#
#.##.#######
#.#.############.##W#


You could see murtidash's ghost and a hobgoblin.

Vanquished Creatures
  A worm (D:3)
  2 dart slugs (D:1)
  2 giant geckos
  3 giant cockroaches
  A goblin (D:3)
  4 hobgoblins (D:1)
  6 kobolds
  3 bats (D:1)
  A giant newt (D:1)
  2 rats (D:1)
25 creatures vanquished.

Notes
Turn   | Place    | Note
--------------------------------------------------------------
     0 | D:1      | Implojin the Mummy Monk began the quest for the Orb.
     0 | D:1      | Reached XP level 1. HP: 18/18 MP: 1/1
   286 | D:1      | Reached XP level 2. HP: 23/24 MP: 2/2
  1039 | D:1      | Reached skill level 4 in Unarmed Combat
  1454 | D:2      | Reached XP level 3. HP: 29/29 MP: 3/3
  1459 | D:2      | Noticed Sigmund
  1555 | D:3      | Noticed murtidash's ghost (amateur DECj)
  1604 | D:3      | HP: 1/29 [murtidash's ghost/magic dart (8)]
  1607 | D:3      | Slain by murtidash's ghost

Skill      XL: |  1  2 |
---------------+-------+-----
Unarmed Combat | 4 |  4.2
Fighting       | |  3.0
Dodging        | |  2.4
Stealth        | |  1.5

Action                   || total
-------------------------++-------
Melee: Unarmed           ||    88
       Punch             ||     2
  Use: Scroll            ||     3
 Stab: Sleeping          ||     5
       Distracted        ||     1
Dodge: Dodged            ||    52

Table legend:
 A = Turns spent in this place as a percentage of turns spent in the entire game.
 B = Non-inter-level travel turns spent in this place as a percentage of non-inter-level travel turns spent in the entire game.
 C = Inter-level travel turns spent in this place as a percentage of turns spent in this place.
 D = Turns resting spent in this place as a percentage of non-inter-level travel turns spent in this place.
 E = Turns spent auto-exploring this place as a percentage of non-inter-level travel turns spent in this place.
 F = Non-inter-level travel turns spent in this place divided by the number of levels of this place that you've seen.
                   A       B       C       D       E      F
               +-------+-------+-------+-------+-------+----------------------
         Total | 100.0 | 100.0 |   0.2 |   5.7 |   4.6 | 151.3
       Dungeon | 100.0 | 100.0 |   0.2 |   5.7 |   4.6 | 151.3
               +-------+-------+-------+-------+-------+----------------------

Table legend:
 A = Kills in this place as a percentage of kills in entire the game.
 B = Kills by you in this place as a percentage of kills by you in the entire game.
 C = Kills by friends in this place as a percentage of kills by friends in the entire game.
 D = Other kills in this place as a percentage of other kills in the entire game.
 E = Experience gained in this place as a percentage of experience gained in the entire game.
 F = Experience gained in this place divided by the number of levels of this place that you have seen.
                   A       B       C       D       E      F
               +-------+-------+-------+-------+-------+----------------------
         Total | 100.0 | 100.0 |  -nan |  -nan | 100.0 |  17.3
       Dungeon | 100.0 | 100.0 |  -nan |  -nan | 100.0 |  17.3
               +-------+-------+-------+-------+-------+----------------------
